 Dungeon Crawl Stone Soup version 0.29.1-15-g9cfb28693d (webtiles) character file.

Game seed: 13925242730848487875

1761 dinguskringus the Destroyer (level 8, -6/46 HPs)
             Began as a Deep Elf Conjurer on Apr 25, 2023.
             Was an Initiate of Vehumet.
             Mangled by a hornet (14 damage)
             ... while paralysed by a hornet
             ... on level 7 of the Dungeon.
             The game lasted 00:21:14 (5773 turns).

dinguskringus the Destroyer (Deep Elf Conjurer)     Turns: 5773, Time: 00:21:15

Health: -6/46      AC:  6    Str:  4    XL:     8   Next: 79%
Magic:  19/22      EV:  2    Int: 24    God:    Vehumet [......]
Gold:   256        SH:  0    Dex: 15    Spells: 14/24 levels left

rFire   . . .      SeeInvis .   n - +1 hand axe (pain)
rCold   . . .      Faith    .   (no shield)
rNeg    . . .      Spirit   .   a - +0 robe
rPois   .          Reflect  .   (no helmet)
rElec   .          Harm     .   s - +0 cloak
rCorr   .          Rampage  .   (no gloves)
Will    .....                   A - +2 pair of boots
Stlth   ++........              (no amulet)
HPRegen 0.15/turn               (no ring)
MPRegen 0.18/turn               (no ring)

@: paralysed, lethally poisoned (-6 -> -11), slowed
A: no striking features
a: Renounce Religion


You were on level 7 of the Dungeon.
You worshipped Vehumet.
Vehumet was noncommittal.
You visited 2 branches of the dungeon, and saw 8 of its levels.

You collected 256 gold pieces.

Inventory:

Hand Weapons
 c - a +0 short sword
 n - a +1 hand axe of pain (weapon)
Armour
 a - a +0 robe (worn)
 p - an orb of mayhem
 s - a +0 cloak (worn)
 z - a +0 pair of boots
 A - a +2 pair of boots (worn)
Magical Staves
 o - a staff of poison
Jewellery
 g - a +6 ring of strength
 u - an amulet of the acrobat
 B - a ring of fire
Wands
 b - a wand of charming (7)
 e - a wand of digging (5)
 q - a wand of roots (15)
 F - a wand of flame (16)
Scrolls
 l - 2 scrolls of noise
 r - 5 scrolls of teleportation
 t - 2 scrolls of identify
 x - 2 scrolls of fear {unknown}
 C - a scroll of amnesia {unknown}
 D - a scroll of magic mapping {unknown}
 E - 2 scrolls of butterflies
Potions
 d - 3 potions of curing
 f - a potion of attraction
 h - a potion of berserk rage
 i - 2 potions of brilliance
 j - 3 potions of flight
 k - 2 potions of heal wounds
 m - 4 potions of haste
 v - 2 potions of cancellation {unknown}
 w - a potion of might {unknown}


   Skills:
 * Level 3.0 Fighting
 + Level 3.3 Dodging
 - Level 2.4 Stealth
 + Level 8.5 Spellcasting
 * Level 10.2 Conjurations
 - Level 1.0 Earth Magic


You had 14 spell levels left.
You knew the following spells:

 Your Spells              Type           Power      Damage    Failure   Level
a - Magic Dart            Conj           100%       1d8       1%          1
b - Searing Ray           Conj           100%       2d8       1%          2
c - Stone Arrow           Conj/Erth      74%        3d11      1%          3
d - Iskenderun's Mystic   Conj/Tloc      34%        2d8       8%          4

Your spell library contained the following spells:

 Spells                   Type           Power      Damage    Failure   Level
 Dazzling Flash           Conj/Hex       68%        N/A       2%          3
 Apportation              Tloc           20%        N/A       6%          1
 Summon Small Mammal      Summ           40%        N/A       6%          1
 Fulminant Prism          Conj/Hex       17%        3d11      8%          4
 Call Canine Familiar     Summ           10%        N/A       19%         3
 Summon Guardian Golem    Hex/Summ       10%        N/A       19%         3
 Animate Armour           Summ/Erth      24%        N/A       43%         4
 Alistair's Intoxication  Tmut/Pois      6%         N/A       86%         5
 Lehudib's Crystal Spear  Conj/Erth      18%        10d6      100%        8


Dungeon Overview and Level Annotations

Branches:
Dungeon (7/15)             Temple (1/1) D:6

Altars:
Ashenzari
Dithmenos
Gozag
Kikubaaqudgha
Qazlal
Uskayaw
Vehumet
Xom
Yredelemnul

Shops:
D:3 (   D:5 :


Message History

As you read the scroll of teleportation, it crumbles to dust.
You feel strangely unstable.
The kobold hits you with a +0 short sword. x2
The howler monkey howls!
The howler monkey hoots and howls with incredible vigour! x2
You hear an angry buzzing noise.
You hear a shout!
The kobold hits you but does no damage.
You see here a +0 mace.
Your surroundings suddenly seem different.
You hear the faint creaking of a very distant portcullis.
You feel yourself speed up.
You hear the faint creaking of a very distant portcullis.
You recover from your berserk rage.
Found a scroll labelled SIPPAESMUOXT.
x - 2 scrolls labelled SIPPAESMUOXT (gained 1)
You hear the faint creaking of a very distant portcullis.
You open the door.
Found 13 gold pieces.
Found 2 scrolls of identify.
There is an open door here.
You now have 256 gold pieces (gained 13).
t - 2 scrolls of identify A hornet comes into view.
The hornet buzzes angrily.
The hornet stings you!
You feel yourself slow down.
Casting: Stone Arrow (safe; 1% risk of failure)
Confirm with . or Enter, or press ? or * to list all spells.
Aiming: Stone Arrow (safe; 1% risk of failure)
Press: ? - help, Shift-Dir - straight line, f - hornet
Aim: a hornet (60% to hit)
The stone arrow hits the hornet.
The hornet is lightly wounded.
The hornet misses you. The hornet stings you.
You are poisoned.
You suddenly lose the ability to move!
You feel sick. The hornet stings you!
* * * LOW HITPOINT WARNING * * *
You feel as though you will be slow longer.
You feel sick. The hornet stings you!
You die...

# #. #.
#.############
#......#.....#
#..y.........#
#..@..........
#..........#
######
#..##......#
#....# #.#
#......#
#....# #.
#......#
#..### ..
#......# #..#
######......#
#..#
............#
#..####
##########'##
#......


You could see a hornet.

Vanquished Creatures
  A gargoyle (D:7)
  Sigmund (D:5)
  A steam dragon (D:6)
  A water moccasin (D:5)
  A black bear (D:6)
  2 ogres
  A phantom (D:6)
  A kobold brigand (D:7)
  3 scorpions
  A jelly (D:6)
  3 hounds (D:5)
  A gnoll bouda (D:7)
  2 orc wizards
  5 iguanas
  2 adders (D:2)
  4 gnolls
  2 white imps
  3 worms
  3 dart slugs
  9 orcs
  5 endoplasms
  2 giant cockroaches
  9 goblins
  3 hobgoblins
  6 jackals
  4 quokkas
  5 ball pythons
  5 bats
  2 frilled lizards (D:1)
  6 kobolds
  3 rats (D:1)
97 creatures vanquished.

Notes
Turn   | Place    | Note
-------+----------+-------------------------------------------
     0 | D:1      | dinguskringus the Deep Elf Conjurer began the quest for the
                  | Orb.
     0 | D:1      | Reached XP level 1. HP: 10/10 MP: 6/6
    10 | D:1      | Found a faded altar of an unknown god.
   257 | D:1      | Reached XP level 2. HP: 15/15 MP: 4/8
   270 | D:1      | Reached skill level 5 in Conjurations
   680 | D:1      | Reached XP level 3. HP: 18/20 MP: 2/9
   780 | D:1      | Learned a level 2 spell: Searing Ray
  1804 | D:2      | Reached XP level 4. HP: 24/24 MP: 6/11
  2458 | D:3      | Found Ygor's Weapon Shop.
  2483 | D:3      | Noticed an ogre
  2860 | D:3      | Killed an ogre
  2861 | D:3      | Reached skill level 1 in Fighting
  2861 | D:3      | Reached skill level 6 in Conjurations
  2861 | D:3      | Reached XP level 5. HP: 29/29 MP: 5/13
  3017 | D:3      | Identified the +2 short sword of Checks and Balances
                  | {drain, *Slow Will+++ Int+7}
  3160 | D:4      | Noticed an ogre
  3653 | D:4      | Killed an ogre
  3654 | D:4      | Reached XP level 6. HP: 34/34 MP: 6/15
  3696 | D:4      | Learned a level 3 spell: Stone Arrow
  3759 | D:5      | Entered Level 5 of the Dungeon
  3763 | D:5      | Reached skill level 1 in Earth Magic
  3842 | D:5      | Noticed a water moccasin
  3847 | D:5      | Killed a water moccasin
  3848 | D:5      | Reached skill level 5 in Spellcasting
  3848 | D:5      | Reached skill level 7 in Conjurations
  3896 | D:5      | Learned a level 4 spell: Iskenderun's Mystic Blast
  3910 | D:5      | Noticed Sigmund
  3912 | D:5      | Killed Sigmund
  3913 | D:5      | Reached XP level 7. HP: 39/39 MP: 9/18
  4044 | D:5      | Reached skill level 8 in Conjurations
  4418 | D:5      | Found Cyiqyjac's Book Emporium.
  4835 | D:6      | Reached XP level 8. HP: 44/44 MP: 9/20
  4962 | D:6      | Reached skill level 9 in Conjurations
  5078 | D:6      | Found a staircase to the Ecumenical Temple.
  5088 | Temple   | Entered the Ecumenical Temple
  5240 | Temple   | Became a worshipper of Vehumet
  5600 | D:7      | Noticed a gargoyle
  5607 | D:7      | Killed a gargoyle
  5608 | D:7      | Reached skill level 10 in Conjurations
  5768 | D:7      | Noticed a hornet
  5771 | D:7      | Paralysed by a hornet for 3 turns
  5773 | D:7      | Mangled by a hornet

Illustrated notes

Levels and vault maps discovered:
D:1:      grunt_arrival_crossed_arrows, layout_loops_cross,
          hellmonk_ecumenical_altar_lost_god, minmay_pentomino_p4
D:2:      layout_basic, serial_corexii_hall, chequers_hall_statues_wall_a,
          corexii_hall_statues_s, corexii_hall_statues_i,
          corexii_hall_statues_l, grunt_decor_one_mirror
D:3:      layout_basic, serial_shops, nicolae_shop_crystal
D:4:      layout_rooms
D:5:      layout_rooms, serial_shops, nicolae_shop_waterfront, feat_on_display,
          uniq_sigmund
D:6:      layout_gridville, minmay_temple_entry_statues_pillars
D:7:      layout_basic, enter_bailey_5, minmay_guarded_unrand_finisher
Temple:   mainiacjoe_temple_big_plus

Skill      XL: |  1  2  3  4  5  6  7  8 |
---------------+-------------------------+-----
Conjurations   | 5 6 7 8 10 | 10.2
Fighting       | 1 2 3 |  3.0
Dodging        | 3 |  3.3
Spellcasting   | 4 6 7 8 |  8.5
Earth Magic    | 1 |  1.0
Stealth        | |  2.4

Action                   |  1- 3 |  4- 6 |  7- 9 || total
-------------------------+-------+-------+-------++-------
Melee: Short sword       |    11 |     2 |       ||    13
       Hand axe          |       |     3 |     9 ||    12
 Cast: Magic Dart        |    66 |    31 |    11 ||   108
       Searing Ray       |     3 |    11 |     1 ||    15
       Stone Arrow       |       |     4 |    40 ||    44
  Use: Scroll            |     6 |     3 |     6 ||    15
       Potion            |       |     2 |     4 ||     6
Armor: Robe              |     3 |     1 |     4 ||     8
Dodge: Dodged            |    13 |    16 |    21 ||    50
